Map: King's Cove LE

Players

Harstem - Winner!

  • Race: Protoss Protoss
  • Spawn Location: 11:00

SKillous

  • Race: Protoss Protoss
  • Spawn Location: 5:00

Event: 2019 WCS Summer

VOD

Have the link to the VOD?

Description

Time

  • Played on: July 12, 2019, 1:02 p.m.
  • Length: 7:43

All games in this series

Show
View Real Time Build Order
Export as new Build Order

Harstem Protoss - Winner!

Build Orders: Zealot Archon, Dark Templar Rush 

Get SALT Encoding   

  12  0:00  Probe  
  13  0:12  Probe  
  14  0:18  Pylon  
  14  0:24  Probe  
  15  0:32  Probe  
  15  0:39  Gateway  
  15  0:40  Probe  
  16  0:48  Assimilator  
  17  0:51  Probe  
  17  0:56  Assimilator  
  18  0:59  Probe  
  19  1:07  Probe  
  19  1:12  Gateway  
  19  1:17  Probe  
  21  1:26  Cybernetics Core  
  21  1:29  Probe  
  22  1:36  Pylon  
  22  1:41  Probe  
  24  2:02  Adept x2, Warp Gate  
  24  2:07  Twilight Council  
  27  2:13  Probe  
  28  2:18  Pylon  
  28  2:32  Stalker  
  30  2:44  Dark Shrine  
  30  2:46  Shield Battery  
  30  2:49  Probe  
  33  3:06  Shield Battery  
  33  3:11  Probe  
  34  3:29  Nexus  
  32  3:39  Probe  
  33  3:41  Pylon  
  33  3:45  Robotics Facility  
  33  3:51  Probe  
  34  4:00  Dark Templar x2  
  37  4:12  Probe  
  34  4:24  Probe, Warp Prism  
  35  4:34  Probe  
  35  4:37  Probe  
  38  4:42  Probe  
  39  4:47  Probe, Zealot, Sentry  
  39  4:50  Probe  
  39  4:51  Pylon  
  45  4:53  Charge  
  45  4:58  Probe  
  47  5:02  Immortal  
  47  5:03  Probe  
  48  5:13  Probe  
  53  5:15  Probe  
  54  5:25  Probe  
  54  5:27  Zealot x2  
  58  5:29  Probe  
  58  5:35  Shield Battery, Immortal  
  59  5:37  Probe  
  59  5:41  Probe  
  61  5:48  Pylon  
  61  5:49  Probe  
  66  5:56  Probe  
  66  6:00  Gateway  
  66  6:02  Gateway  
  65  6:12  Zealot x2  
  65  6:16  Probe  
  65  6:17  Probe  
  69  6:20  Forge  
  69  6:23  Assimilator  
  69  6:25  Assimilator  
  69  6:28  Probe  
  70  6:37  Zealot x2  
  70  6:38  Probe  
  75  6:40  Pylon  
  75  6:41  Probe  
  78  6:57  Pylon  
  78  7:00  Dark Templar x3  
  82  7:03  Dark Templar  
  82  7:04  Archon x2  
  82  7:07  Probe, Archon  
  85  7:09  Pylon  
  85  7:23  Gateway  
  85  7:25  Gateway  
  81  7:33  Zealot, Dark Templar  
  78  7:40  Zealot x2  
Show
View Real Time Build Order
Export as new Build Order

SKillous Protoss 

Build Orders:  

Get SALT Encoding   

  12  0:00  Probe  
  13  0:12  Probe  
  14  0:17  Pylon  
  14  0:24  Probe  
  15  0:32  Probe  
  15  0:37  Gateway  
  15  0:40  Probe  
  16  0:47  Assimilator  
  17  0:51  Probe  
  17  0:56  Assimilator  
  18  0:59  Probe  
  19  1:07  Probe  
  19  1:13  Gateway  
  19  1:17  Probe  
  21  1:26  Cybernetics Core  
  21  1:29  Probe  
  22  1:38  Pylon  
  22  1:41  Probe  
  23  1:56  Probe  
  24  2:03  Adept x2  
  24  2:04  Warp Gate  
  24  2:07  Pylon  
  28  2:33  Sentry x2  
  32  2:39  Nexus  
  32  2:43  Probe  
  33  2:53  Robotics Facility  
  33  2:55  Probe  
  34  3:03  Stalker  
  36  3:07  Probe  
  37  3:15  Pylon  
  37  3:19  Probe  
  38  3:25  Shield Battery  
  39  3:34  Immortal  
  39  3:35  Shield Battery  
  38  3:47  Probe  
  43  3:52  Probe  
  44  3:58  Probe  
  44  4:01  Probe  
  45  4:06  Probe  
  45  4:09  Probe  
  48  4:18  Probe  
  48  4:21  Observer  
  54  4:27  Pylon  
  54  4:29  Probe  
  46  4:36  Probe  
  45  4:41  Probe  
  47  4:48  Probe, Warp Prism  
  47  4:53  Probe  
  50  5:01  Probe  
  50  5:05  Probe  
  52  5:11  Forge  
  52  5:13  Probe  
  53  5:15  Immortal  
  53  5:17  Probe  
  54  5:25  Probe  
  59  5:29  Probe  
  59  5:31  Pylon  
  60  5:37  Probe  
  61  5:43  Pylon  
  61  5:45  Probe, Immortal  
  61  5:48  Protoss Ground Weapons Level 1  
  62  5:53  Probe  
  63  6:00  Probe  
  59  6:05  Probe  
  61  6:20  Observer  
  61  6:23  Gateway  
  61  6:24  Gateway  
  60  6:31  Gateway  
  60  6:32  Pylon  
  57  6:33  Probe  
  57  6:34  Probe  
  57  6:45  Probe  
  57  6:46  Probe, Assimilator  
  59  6:47  Assimilator  
  58  6:55  Pylon  
  58  6:57  Probe, Twilight Council  
  58  6:59  Probe  
  60  7:09  Probe  
  60  7:11  Adept x2  
  60  7:12  Probe  
  66  7:21  Probe  
  67  7:24  Probe  
  67  7:28  Adept x2  
Tags
 
Add a new tag
Caveats
  • Supply blocks, unpowered buildings, or Contaminate may cause inaccurate times.
  • Supply counts are checked every 10 seconds.